[ AOE2 MATCH · #495605089 ]
UnrankedMongols vs Mongols
Player's team · LOSS
Rival team · WIN
[ REPLAY ANALYSIS · EXTRACTED FROM THE RECORDED GAME ]
Feudal
9:11
Castle
23:09
Imperial
—
| APM avg | 39.4 |
| APM peak | 82 |
| eAPM avg | 19.2 |
| Villagers / military | 78 / 43 |
Focus
⚔️ 34.0% · 🌾 66.0%
Archer ×18 · Skirmisher ×12 · Camel Scout ×6 · Militia ×3 · Monk ×2 · Mangonel ×2
Feudal
8:54
Castle
22:53
Imperial
—
| APM avg | 41.8 |
| APM peak | 74 |
| eAPM avg | 15.5 |
| Villagers / military | 70 / 29 |
Focus
⚔️ 29.0% · 🌾 71.0%
Mangudai ×13 · Skirmisher ×13 · Knight ×2 · Battering Ram ×1
Match map
Initial resources + every placement click. Lines = walls · curves = elevation contours. ◆ gold · ⬟ stone · ● berries · ✦ relic · ◌ wall gap
Your base· Open — unwalled flank
rulf_3's base· Open — unwalled flank
Smoothed initial terrain · ◌ = detected wall gap · hover for details
Inputs per minute
— DS_Rene Lavand - - rulf_3
Build order — DS_Rene Lavand
First 150 of 214 actions detected
| 0:02 | Create | Villager (Male) |
| 0:02 | Create | Villager (Male) |
| 0:02 | Create | Villager (Male) |
| 0:02 | Create | Villager (Male) |
| 0:02 | Create | Villager (Male) |
| 0:05 | Build | House |
| 0:08 | Build | House |
| 1:28 | Create | Villager (Male) |
| 1:53 | Create | Villager (Male) |
| 2:13 | Create | Villager (Male) |
| 2:13 | Create | Villager (Male) |
| 2:16 | Build | Lumber Camp |
| 2:37 | Create | Villager (Male) |
| 2:37 | Create | Villager (Male) |
| 3:18 | Create | Villager (Male) |
| 3:19 | Create | Villager (Male) |
| 3:19 | Create | Villager (Male) |
| 3:19 | Create | Villager (Male) |
| 3:42 | Build | House |
| 4:46 | Create | Villager (Male) |
| 4:46 | Create | Villager (Male) |
| 4:47 | Create | Villager (Male) |
| 4:54 | Research | Loom |
| 5:13 | Build | Barracks |
| 5:53 | Build | House |
| 7:01 | Research | Feudal Age |
| 7:21 | Create | Militia |
| 7:36 | Build | Mining Camp |
| 7:45 | Create | Militia |
| 8:28 | Create | Militia |
| 9:06 | Build | Palisade Wall |
| 9:09 | Build | Palisade Wall |
| 9:09 | Build | Palisade Wall |
| 9:11 | Build | Palisade Wall |
| 9:11 | Age | Feudal Age |
| 9:13 | Build | Palisade Wall |
| 9:16 | Build | Archery Range |
| 9:16 | Research | Man-at-Arms (upgrade) |
| 9:21 | Create | Villager (Male) |
| 9:27 | Build | House |
| 9:29 | Build | House |
| 9:48 | Create | Villager (Male) |
| 10:03 | Create | Archer |
| 10:03 | Create | Archer |
| 10:21 | Create | Villager (Male) |
| 10:24 | Build | Mill |
| 10:32 | Create | Archer |
| 10:33 | Create | Archer |
| 11:01 | Create | Archer |
| 11:10 | Build | Watch Tower |
| 11:19 | Create | Archer |
| 11:19 | Create | Archer |
| 11:23 | Build | Farm |
| 11:48 | Create | Skirmisher |
| 11:50 | Create | Villager (Male) |
| 11:50 | Create | Villager (Male) |
| 12:27 | Create | Villager (Male) |
| 12:38 | Build | Blacksmith |
| 12:49 | Build | Palisade Wall |
| 12:50 | Build | Palisade Wall |
| 12:50 | Build | Palisade Wall |
| 12:51 | Build | Palisade Wall |
| 12:51 | Build | Palisade Wall |
| 12:51 | Build | Palisade Wall |
| 12:52 | Build | Palisade Wall |
| 12:54 | Build | Palisade Wall |
| 12:54 | Build | Palisade Wall |
| 12:54 | Build | Palisade Wall |
| 12:55 | Build | Palisade Wall |
| 12:56 | Create | Villager (Male) |
| 13:04 | Create | Skirmisher |
| 13:31 | Create | Villager (Male) |
| 13:32 | Create | Archer |
| 13:37 | Build | Farm |
| 14:01 | Create | Archer |
| 14:19 | Research | Fletching |
| 14:29 | Build | House |
| 14:30 | Build | House |
| 14:33 | Build | Farm |
| 14:39 | Create | Skirmisher |
| 14:39 | Create | Archer |
| 14:55 | Create | Skirmisher |
| 14:56 | Create | Villager (Male) |
| 14:56 | Create | Villager (Male) |
| 14:56 | Create | Villager (Male) |
| 15:28 | Create | Villager (Male) |
| 15:28 | Create | Villager (Male) |
| 15:31 | Build | Farm |
| 15:40 | Create | Skirmisher |
| 15:40 | Create | Skirmisher |
| 15:52 | Build | House |
| 15:52 | Create | Villager (Male) |
| 15:59 | Create | Skirmisher |
| 15:59 | Create | Skirmisher |
| 16:16 | Create | Villager (Male) |
| 16:17 | Create | Villager (Male) |
| 16:39 | Build | Farm |
| 16:48 | Create | Villager (Male) |
| 16:48 | Create | Villager (Male) |
| 16:48 | Create | Villager (Male) |
| 17:04 | Create | Villager (Male) |
| 17:04 | Create | Villager (Male) |
| 17:09 | Build | Farm |
| 17:10 | Build | Farm |
| 17:15 | Create | Skirmisher |
| 17:15 | Create | Archer |
| 17:51 | Create | Villager (Male) |
| 18:09 | Build | Market |
| 18:20 | Create | Villager (Male) |
| 18:25 | Build | Farm |
| 18:32 | Create | Villager (Male) |
| 18:32 | Create | Villager (Male) |
| 18:46 | Research | Padded Archer Armor |
| 19:38 | Create | Villager (Male) |
| 20:05 | Build | Lumber Camp |
| 20:29 | Research | Castle Age |
| 20:30 | Research | Castle Age |
| 21:12 | Build | Watch Tower |
| 21:19 | Create | Skirmisher |
| 21:19 | Create | Skirmisher |
| 21:19 | Create | Skirmisher |
| 21:36 | Create | Archer |
| 21:36 | Create | Archer |
| 21:37 | Create | Villager (Male) |
| 22:56 | Research | Double-Bit Axe |
| 22:57 | Research | Gold Mining |
| 23:08 | Build | Watch Tower |
| 23:09 | Age | Castle Age |
| 23:28 | Build | Farm |
| 23:30 | Build | Farm |
| 23:30 | Build | Farm |
| 23:30 | Build | Farm |
| 23:31 | Build | Farm |
| 23:31 | Build | Farm |
| 23:47 | Research | Bodkin Arrow |
| 23:47 | Research | Bodkin Arrow |
| 23:57 | Create | Archer |
| 23:57 | Create | Archer |
| 24:14 | Build | Farm |
| 24:15 | Build | Farm |
| 24:23 | Create | Villager (Male) |
| 24:26 | Create | Villager (Male) |
| 24:30 | Build | Siege Workshop |
| 24:46 | Create | Archer |
| 24:46 | Create | Archer |
| 24:46 | Create | Archer |
| 25:00 | Create | Villager (Male) |
| 25:00 | Create | Villager (Male) |
| 25:00 | Create | Villager (Male) |
| 25:14 | Build | Lumber Camp |
Build order — rulf_3
First 150 of 191 actions detected
| 0:01 | Create | Villager (Male) |
| 0:01 | Create | Villager (Male) |
| 0:01 | Create | Villager (Male) |
| 0:03 | Build | House |
| 0:04 | Build | House |
| 0:21 | Create | Villager (Male) |
| 1:30 | Create | Villager (Male) |
| 1:31 | Create | Villager (Male) |
| 1:58 | Create | Villager (Male) |
| 2:21 | Build | Lumber Camp |
| 2:34 | Create | Villager (Male) |
| 2:48 | Create | Villager (Male) |
| 2:48 | Create | Villager (Male) |
| 2:49 | Create | Villager (Male) |
| 2:49 | Create | Villager (Male) |
| 3:25 | Create | Villager (Male) |
| 3:41 | Create | Villager (Male) |
| 4:00 | Build | House |
| 4:05 | Create | Villager (Male) |
| 4:12 | Create | Villager (Male) |
| 4:26 | Build | Mill |
| 4:51 | Create | Villager (Male) |
| 5:56 | Research | Loom |
| 6:18 | Research | Feudal Age |
| 7:23 | Build | Barracks |
| 8:01 | Create | Villager (Male) |
| 8:09 | Build | House |
| 8:54 | Age | Feudal Age |
| 9:01 | Build | Archery Range |
| 9:05 | Research | Double-Bit Axe |
| 9:08 | Build | Palisade Wall |
| 9:10 | Build | Palisade Wall |
| 9:11 | Build | Palisade Wall |
| 9:11 | Build | Palisade Wall |
| 9:12 | Build | Palisade Wall |
| 9:14 | Create | Villager (Male) |
| 9:21 | Build | Palisade Wall |
| 9:22 | Build | Palisade Wall |
| 9:23 | Build | Palisade Wall |
| 9:25 | Build | Palisade Wall |
| 9:27 | Build | Palisade Wall |
| 9:36 | Create | Villager (Male) |
| 10:02 | Build | Palisade Wall |
| 10:07 | Create | Skirmisher |
| 10:09 | Create | Villager (Male) |
| 10:23 | Create | Villager (Male) |
| 10:30 | Create | Skirmisher |
| 10:35 | Build | House |
| 10:37 | Build | House |
| 10:40 | Research | Town Watch |
| 10:43 | Create | Villager (Male) |
| 10:51 | Build | Farm |
| 10:54 | Build | Farm |
| 10:57 | Create | Villager (Male) |
| 11:00 | Create | Skirmisher |
| 11:02 | Create | Villager (Male) |
| 11:22 | Create | Skirmisher |
| 11:25 | Create | Villager (Male) |
| 11:36 | Build | House |
| 11:47 | Build | Blacksmith |
| 12:10 | Create | Villager (Male) |
| 12:13 | Build | House |
| 12:21 | Create | Villager (Male) |
| 12:24 | Build | Farm |
| 12:27 | Build | Farm |
| 12:32 | Research | Fletching |
| 12:33 | Create | Villager (Male) |
| 12:35 | Build | Farm |
| 12:48 | Create | Villager (Male) |
| 13:06 | Build | Farm |
| 13:08 | Build | Farm |
| 13:23 | Research | Padded Archer Armor |
| 13:48 | Create | Skirmisher |
| 13:48 | Create | Skirmisher |
| 14:02 | Build | Farm |
| 14:08 | Build | Farm |
| 14:12 | Build | Farm |
| 14:15 | Build | Mining Camp |
| 14:21 | Create | Villager (Male) |
| 14:26 | Build | House |
| 14:28 | Create | Villager (Male) |
| 14:35 | Build | Farm |
| 14:56 | Create | Villager (Male) |
| 14:58 | Create | Skirmisher |
| 15:19 | Create | Villager (Male) |
| 15:35 | Create | Villager (Male) |
| 15:38 | Create | Skirmisher |
| 15:38 | Create | Skirmisher |
| 15:50 | Build | House |
| 15:56 | Create | Skirmisher |
| 16:09 | Create | Skirmisher |
| 16:10 | Create | Skirmisher |
| 16:12 | Build | House |
| 16:33 | Create | Villager (Male) |
| 16:46 | Build | House |
| 16:49 | Build | House |
| 16:51 | Build | Palisade Wall |
| 16:56 | Create | Villager (Male) |
| 17:12 | Build | Lumber Camp |
| 17:18 | Build | Farm |
| 17:21 | Create | Skirmisher |
| 17:26 | Build | House |
| 17:57 | Create | Villager (Male) |
| 18:03 | Create | Villager (Male) |
| 18:11 | Build | House |
| 18:12 | Build | Palisade Wall |
| 18:45 | Create | Villager (Male) |
| 19:13 | Create | Villager (Male) |
| 19:28 | Build | Market |
| 19:30 | Create | Villager (Male) |
| 19:58 | Build | Palisade Wall |
| 20:13 | Research | Castle Age |
| 20:13 | Research | Castle Age |
| 22:10 | Build | Mining Camp |
| 22:33 | Build | Archery Range |
| 22:45 | Build | Stable |
| 22:51 | Create | Villager (Male) |
| 22:53 | Age | Castle Age |
| 23:09 | Research | Bow Saw |
| 23:10 | Create | Villager (Male) |
| 23:19 | Create | Villager (Male) |
| 23:25 | Research | Scale Barding Armor |
| 23:33 | Build | Stable |
| 23:35 | Create | Villager (Male) |
| 23:50 | Build | Siege Workshop |
| 23:54 | Create | Villager (Male) |
| 24:04 | Build | Lumber Camp |
| 24:07 | Research | Bloodlines |
| 24:14 | Research | Husbandry |
| 24:15 | Create | Villager (Male) |
| 24:15 | Create | Villager (Male) |
| 24:30 | Create | Knight |
| 24:38 | Create | Battering Ram |
| 24:53 | Create | Villager (Male) |
| 25:06 | Create | Villager (Male) |
| 25:15 | Create | Knight |
| 25:20 | Create | Villager (Male) |
| 25:33 | Create | Villager (Male) |
| 25:54 | Create | Villager (Male) |
| 25:55 | Create | Villager (Male) |
| 26:25 | Build | Castle |
| 26:30 | Create | Villager (Male) |
| 26:58 | Research | Bodkin Arrow |
| 27:18 | Create | Villager (Male) |
| 27:31 | Build | House |
| 27:43 | Create | Villager (Male) |
| 27:46 | Create | Mangudai |
| 27:46 | Create | Mangudai |
| 28:11 | Create | Villager (Male) |
| 28:11 | Create | Villager (Male) |
Match timeline
| 5:13 | DS_Rene Lavand · first_building Barracks |
| 7:23 | rulf_3 · first_building Barracks |
| 8:54 | rulf_3 · age_up feudal |
| 9:01 | rulf_3 · first_building Archery Range |
| 9:06 | DS_Rene Lavand · wall_segment Palisade Wall x1 |
| 9:08 | rulf_3 · wall_segment Palisade Wall x1 |
| 9:09 | DS_Rene Lavand · wall_segment Palisade Wall x1 |
| 9:09 | DS_Rene Lavand · wall_segment Palisade Wall x1 |
| 9:10 | rulf_3 · wall_segment Palisade Wall x1 |
| 9:11 | rulf_3 · wall_segment Palisade Wall x1 |
| 9:11 | DS_Rene Lavand · age_up feudal |
| 9:11 | DS_Rene Lavand · wall_segment Palisade Wall x1 |
| 9:11 | rulf_3 · wall_segment Palisade Wall x1 |
| 9:12 | rulf_3 · wall_segment Palisade Wall x1 |
| 9:13 | DS_Rene Lavand · wall_segment Palisade Wall x3 |
| 9:16 | DS_Rene Lavand · first_building Archery Range |
| 9:21 | rulf_3 · wall_segment Palisade Wall x1 |
| 9:22 | rulf_3 · wall_segment Palisade Wall x1 |
| 9:23 | rulf_3 · wall_segment Palisade Wall x1 |
| 9:25 | rulf_3 · wall_segment Palisade Wall x2 |
| 9:27 | rulf_3 · wall_segment Palisade Wall x5 |
| 10:02 | rulf_3 · wall_segment Palisade Wall x1 |
| 12:49 | DS_Rene Lavand · wall_segment Palisade Wall x1 |
| 12:50 | DS_Rene Lavand · wall_segment Palisade Wall x1 |
| 12:50 | DS_Rene Lavand · wall_segment Palisade Wall x1 |
| 12:51 | DS_Rene Lavand · wall_segment Palisade Wall x1 |
| 12:51 | DS_Rene Lavand · wall_segment Palisade Wall x1 |
| 12:51 | DS_Rene Lavand · wall_segment Palisade Wall x2 |
| 12:52 | DS_Rene Lavand · wall_segment Palisade Wall x1 |
| 12:54 | DS_Rene Lavand · wall_segment Palisade Wall x1 |
| 12:54 | DS_Rene Lavand · wall_segment Palisade Wall x2 |
| 12:54 | DS_Rene Lavand · wall_segment Palisade Wall x2 |
| 12:55 | DS_Rene Lavand · wall_segment Palisade Wall x1 |
| 16:51 | rulf_3 · wall_segment Palisade Wall x4 |
| 18:12 | rulf_3 · wall_segment Palisade Wall x8 |
| 19:09 | DS_Rene Lavand · first_market_sell 100 wood |
| 19:12 | DS_Rene Lavand · first_market_buy 100 food |
| 19:58 | rulf_3 · wall_segment Palisade Wall x1 |
| 20:08 | rulf_3 · first_market_buy 100 food |
| 22:45 | rulf_3 · first_building Stable |
| 22:53 | rulf_3 · age_up castle |
| 23:09 | DS_Rene Lavand · age_up castle |
| 23:50 | rulf_3 · first_building Siege Workshop |
| 24:30 | DS_Rene Lavand · first_building Siege Workshop |
| 26:15 | DS_Rene Lavand · first_building Monastery |
| 26:25 | rulf_3 · first_building Castle |
| 26:57 | rulf_3 · first_market_sell 100 wood |
| 28:40 | DS_Rene Lavand · first_building Stable |
| 32:04 | DS_Rene Lavand · resign |
[ AI ANALYSIS · 1 CREDIT ]
What really happened in this match?
Wolo.gg analyzes every decision: build order, eco, micro, common mistakes by bracket. Personalized analysis on WhatsApp or Discord in 30 seconds.
Civ guide
Mongols
Perfil
DS_Rene Lavand